 Dungeon Crawl Stone Soup version 0.31.0-12-g77e489cdc1 (webtiles) character file.

Game seed: 8672889887544342184

158 Gadfly the Sneak (level 5, 0/25 HPs)
             Began as a Spriggan Enchanter on Feb 18, 2024.
             Slain by a gnoll
             ... wielding a +0 flail
              (10 damage)
             ... on level 3 of the Dungeon.
             The game lasted 00:07:01 (3648 turns).

Gadfly the Sneak (Spriggan Enchanter)               Turns: 3648, Time: 00:07:01

Health: 0/25       AC:  2    Str:  4    XL:     5   Next: 16%
Magic:  9/11       EV: 18    Int: 16    God:
Gold:   144        SH:  0    Dex: 18    Spells: 6/11 levels left

rFire   . . .        a - +1 dagger
rCold   . . .        (no shield)
rNeg    . . .        b - +0 robe
rPois   .            (helmet restricted)
rElec   .            (no cloak)
rCorr   .            (gloves unavailable)
SInv    +            (boots unavailable)
Will    .....        (no amulet)
Stlth   +++          (no ring)
HPRegen 0.24/turn    (no ring)
MPRegen 0.12/turn

%: no passive effects
@: very quick
A: very small, no large weapons, unfitting armour, see invisible, speed 3
a: no special abilities


You were on level 3 of the Dungeon.
You visited 1 branch of the dungeon, and saw 3 of its levels.

You collected 144 gold pieces.

Inventory:

Hand Weapons
 a - a +1 dagger (weapon)
 f - the +1 whip "Diociuxt" {speed, rElec rPois rCorr Dex-5}
   (You found it on level 2 of the Dungeon)

   Dex-5:     It affects your dexterity (-5).
   rElec:     It insulates you from electricity.
   rPois:     It protects you from poison rCorr: It protects you from acid and
   corrosion.
Armour
 b - a +0 robe (worn)
Scrolls
 e - 4 scrolls of identify {unknown}
 g - 2 scrolls of teleportation
 i - a scroll of torment {unknown}
 k - a scroll of immolation {unknown}
 l - 2 scrolls of blinking {unknown}
 m - a scroll of amnesia {unknown}
Potions
 c - 2 potions of invisibility
 d - a potion of enlightenment {unknown}
 h - a potion of degeneration {unknown}
 j - 2 potions of haste {unknown}


   Skills:
 + Level 1.4 Fighting
 + Level 2.3 Short Blades
 + Level 3.6 Dodging
 + Level 5.3 Stealth
 + Level 3.5 Spellcasting
 + Level 4.2 Hexes
 + Level 1.8 Evocations


You had 6 spell levels left.
You knew the following spells:

 Your Spells              Type           Power      Damage    Failure   Level
a - Ensorcelled Hibernat  Hex/Ice        18%        N/A       12%         2
b - Confusing Touch       Hex            16%        N/A       10%         3

Your spell library contained the following spells:

 Spells                   Type           Power      Damage    Failure   Level
 Tukima's Dance           Hex            16%        N/A       10%         3
 Dazzling Flash           Conj/Hex       18%        N/A       22%         3


Dungeon Overview and Level Annotations

Branches:
Dungeon (3/15)

Altars:


Innate Abilities, Weirdness & Mutations

You are very small and have problems with some larger weapons.
You are too small for most types of armour.
You have supernaturally acute eyesight. (SInv)
You cover ground extremely quickly. (Speed+++)


Message History

There is a stone staircase leading up here.
HP restored.
The gnoll misses you. The jackal completely misses you.
The jackal closely misses you.
You climb upwards.
There is a stone staircase leading down here.
You hit the jackal but do no damage. The jackal completely misses you.
The jackal bites you. The jackal barely misses you.
The jackal looks drowsy...
The jackal misses you. The jackal barely misses you.
The helpless jackal fails to defend itself.
You impale the jackal!!
You kill the jackal!
The jackal barely misses you.
The jackal resists with significant effort.
The jackal barely misses you.
You barely miss the jackal. The jackal completely misses you.
A jackal is nearby!
You hit the jackal.
The jackal is almost dead.
The jackal misses you. The jackal closely misses you.
The jackal looks drowsy...
The helpless jackal fails to defend itself.
You impale the jackal!!
You kill the jackal!
Magic restored.
Done exploring.
Done exploring.
Done exploring.
You climb downwards.
The gnoll hits you with a +0 flail. The gnoll hits you with a +0 flail!
There is a stone staircase leading up, spattered with blood here.
You are too injured to fight recklessly!
Casting: Ensorcelled Hibernation (safe; 12% risk of failure)
Confirm with . or Enter, or press ? or * to list all spells.
Aiming: Ensorcelled Hibernation (safe; 12% risk of failure)
Press: ? - help, Shift-Dir - straight line, f - gnoll
Aim: a gnoll, wielding a +0 flail (chance to affect: 51%)
The gnoll resists with significant effort.
The gnoll shouts!
The gnoll hits you with a +0 flail!
You die...

#.>.###...#### #.....#.#
#............# #####....
##.g......8.##### #.#..
#......g...#...### #.###
#.......####.....# #.#
=[........# #...[#.# #.#
.8........###....#.# #.#
............#....#.# #.#
###...###g@.######.####'###
#.⌠. #...# #.#......# #...
##### #.#......# #..
#(#......# #.##.#####
#.##.# #.##.# ##'##.#####
#...#......


You could see 3 gnolls.

Vanquished Creatures
  Jessica (D:3)
  Terence (D:2)
  2 adders (D:2)
  2 ribbon worms (D:2)
  2 dart slugs
  6 orcs (D:3)
  8 bats
  8 endoplasms
  3 giant cockroaches
  6 goblins
  5 hobgoblins
  8 jackals (D:2)
  6 kobolds
  2 quokkas
  3 ball pythons
  3 frilled lizards
  6 rats
72 creatures vanquished.

Notes
Turn   | Place    | Note
-------+----------+-------------------------------------------
     0 | D:1      | Gadfly the Spriggan Enchanter began the quest for the Orb.
     0 | D:1      | Reached XP level 1. HP: 9/9 MP: 5/5
   133 | D:1      | Reached XP level 2. HP: 14/14 MP: 6/6
   184 | D:1      | Learned a level 2 spell: Ensorcelled Hibernation
   516 | D:1      | Reached skill level 1 in Evocations
   647 | D:1      | Reached XP level 3. HP: 17/17 MP: 5/8
   651 | D:1      | Learned a level 3 spell: Confusing Touch
   874 | D:2      | Identified the +1 whip "Diociuxt" {speed, rElec rPois rCorr
                  | Dex-5}
  1067 | D:2      | Noticed Terence
  1359 | D:2      | Reached skill level 1 in Fighting
  1643 | D:2      | Reached XP level 4. HP: 20/22 MP: 4/9
  2253 | D:2      | Killed Terence
  2254 | D:2      | Reached skill level 5 in Stealth
  2633 | D:3      | Noticed Jessica
  2642 | D:3      | Killed Jessica
  3035 | D:3      | Reached XP level 5. HP: 20/25 MP: 3/11
  3648 | D:3      | Slain by a gnoll

Illustrated notes

Levels and vault maps discovered:
D:1:      kennysheep_arrival_forest, layout_rooms
D:2:      layout_loops_ring, grunt_ministairs_5, serial_bayou_lagoon_a,
          uniq_terence
D:3:      layout_basic, grunt_decor_cap, nicolae_elevator_lobby_asterisk,
          uniq_jessica

Skill      XL: |  1  2  3  4 |
---------------+-------------+-----
Spellcasting   | 3 |  3.5
Evocations     | 1 |  1.8
Dodging        | 3 |  3.6
Fighting       | 1 |  1.4
Short Blades   | 2 |  2.3
Hexes          | 4 |  4.2
Stealth        | 5 |  5.3

Action                     |  1- 3 |  4- 6 || total
---------------------------+-------+-------++-------
  Melee: Dagger            |   125 |   115 ||   240
         Punch             |     2 |       ||     2
   Cast: Ensorcelled Hiber |    33 |    29 ||    62
         Confusing Touch   |       |     1 ||     1
    Use: Scroll            |     1 |       ||     1
   Stab: Sleeping          |    20 |    17 ||    37
         Confused          |       |     1 ||     1
 Armour: Robe              |    41 |    45 ||    86
  Dodge: Dodged            |    95 |   149 ||   244
